 Dungeon Crawl Stone Soup version 0.21.1-1-g345015f (webtiles) character file.

110 lyrx the Conjurer (level 4, -1/30 HPs)
             Began as a Demonspawn Conjurer on Apr 5, 2018.
             Slain by Grinder (2 damage)
             ... while paralysed by Grinder
             ... on level 3 of the Dungeon.
             The game lasted 00:12:15 (1433 turns).

lyrx the Conjurer (Demonspawn Conjurer)             Turns: 1433, Time: 00:12:16

Health: -1/30      AC:  6    Str:  8    XL:     4   Next: 61%
Magic:  5/7        EV:  2    Int: 17    God:
Gold:   102        SH:  0    Dex: 14    Spells: 4/7 levels left

rFire    . . .     SeeInvis .   e - +1 hand axe (venom)
rCold    . . .     Gourm    .   (no shield)
rNeg     . . .     Faith    .   a - +1 robe
rPois    .         Spirit   .   (no helmet)
rElec    .         Reflect  .   (no cloak)
rCorr    .         Harm     .   (no gloves)
MR       .....                  (no boots)
Stlth    ++........             (no amulet)
HPRegen  0.10/turn              (no ring)
MPRegen  0.10/turn              (no ring)

@: paralysed
A: slimy green scales 2, demonic guardian 1
a: no special abilities


You were on level 3 of the Dungeon.
You were not hungry.

You visited 1 branch of the dungeon, and saw 3 of its levels.

You collected 102 gold pieces.

Inventory:

Hand Weapons
 e - a +1 hand axe of venom (weapon)
 h - a +0 hunting sling
 i - a +0 blowgun
 k - a +1 antimagic hand axe
 o - a +1 trident of venom
 v - a +3 short sword of flaming
Missiles
 j - 9 stones (quivered)
Armour
 a - a +1 robe (worn)
Jewellery
 d - an uncursed amulet of rage {unknown}
 q - a cursed ring of loudness {unknown}
Scrolls
 g - a scroll of identify
Potions
 f - a potion of resistance
 p - a potion of curing
 r - a potion of flight
Books
 b - a book of Conjurations

   Spells                             Type                      Level
   a - Magic Dart                     Conjuration                  1
   b - Searing Ray                    Conjuration                  2
   c - Dazzling Spray                 Conjuration/Hexes            3
   d - Fulminant Prism                Conjuration/Hexes            4
   e - Force Lance                    Conjuration/Translocation    4
   f - Iskenderun's Mystic Blast      Conjuration                  4
Comestibles
 c - 6 rations
 l - 2 chunks of flesh


   Skills:
 - Level 1.7 Dodging
 - Level 1.7 Stealth
 - Level 2.0 Spellcasting
 * Level 6.1 Conjurations


You had 4 spell levels left.
You knew the following spells:

 Your Spells              Type           Power        Failure   Level  Hunger
a - Magic Dart            Conj           ###.         1%          1    #......
b - Searing Ray           Conj           ###...       2%          2    ###....


Dungeon Overview and Level Annotations

Branches:
Dungeon (3/15)

Altars:

Annotations:
D:3 Grinder


Innate Abilities, Weirdness & Mutations

You are mostly covered in slimy green scales. (AC +3)
A weak demonic guardian rushes to your aid.


Message History

Grinder is lightly wounded. (Press . to maintain the ray.)
Your ufetubus completely misses Grinder.
Your ufetubus hits Grinder. Grinder gestures at you.
You suddenly lose the ability to move!
Your ufetubus closely misses Grinder.
Your ufetubus hits Grinder.
Your ufetubus barely misses Grinder.
Your ufetubus hits Grinder but does no damage.
Grinder hits you!
Your ufetubus hits Grinder. x2; Grinder hits you.
Your ufetubus closely misses Grinder.
Your ufetubus hits Grinder.
Your ufetubus hits Grinder but does no damage.
Your ufetubus closely misses Grinder.
Grinder hits you!
* * * LOW HITPOINT WARNING * * *
Your ufetubus closely misses Grinder.
Your ufetubus hits Grinder. Grinder hits you!
* * * LOW HITPOINT WARNING * * *
You writhe in agony.
You die...

... ##.## . #...# . #...# ### .
#..)#######.. #. #.........#.#
# #.##########...#####(#$# .#
#....##.......5.5....#.#.###.#
##..............@5.....(.......
.......#..............##..###.#
##.##.##.####..)......# ....#
#.#..##.# #...####### ..).#
#.#.###.# #...# ......
#.#.###.# #...# ##.####
#..†.>..# <....# .#
###.#####.###### .. #.# #


You could see Grinder, a friendly shadow imp and a friendly ufetubus.

Vanquished Creatures
  Terence (D:2)
  Natasha (D:2)
  3 worms
  A dart slug (D:1)
  An orc (D:3)
  9 bats
  A giant cockroach (D:2)
  8 hobgoblins
  A quokka (D:3)
  A ball python (D:1)
  5 frilled lizards
  3 goblins (D:1)
  7 kobolds
  7 rats
49 creatures vanquished.

Notes
Turn   | Place    | Note
-------+----------+-------------------------------------------
     0 | D:1      | lyrx the Demonspawn Conjurer began the quest for the Orb.
     0 | D:1      | Reached XP level 1. HP: 13/13 MP: 3/3
   128 | D:1      | Gained mutation: You are partially covered in slimy green scales. (AC +2) [demonic ancestry]
   128 | D:1      | Reached XP level 2. HP: 17/19 MP: 1/5
   166 | D:1      | Learned a level 2 spell: Searing Ray
   458 | D:1      | Reached skill level 5 in Conjurations
   458 | D:1      | Gained mutation: You are mostly covered in slimy green scales. (AC +3) [demonic ancestry]
   458 | D:1      | Reached XP level 3. HP: 24/24 MP: 3/6
   945 | D:2      | Noticed Natasha
   954 | D:2      | Killed Natasha
  1026 | D:2      | Gained mutation: A weak demonic guardian rushes to your aid. [demonic ancestry]
  1026 | D:2      | Reached XP level 4. HP: 30/30 MP: 7/7
  1178 | D:2      | Noticed Terence
  1185 | D:2      | Killed Terence
  1270 | D:3      | Reached skill level 6 in Conjurations
  1412 | D:3      | Noticed Grinder
  1429 | D:3      | Paralysed by Grinder for 6 turns
  1433 | D:3      | HP: 1/30 [Grinder (7)]
  1433 | D:3      | Slain by Grinder

Skill      XL: |  1  2  3  4 |
---------------+-------------+-----
Conjurations   | 5 6 |  6.1
Dodging        | |  1.7
Stealth        | |  1.7
Spellcasting   | |  2.0

Action                   |  1- 3 |  4- 6 || total
-------------------------+-------+-------++-------
Melee: Hand axe          |    45 |    17 ||    62
 Cast: Magic Dart        |    38 |     6 ||    44
       Searing Ray       |     3 |     4 ||     7
  Use: Scroll            |       |     8 ||     8
 Stab: Sleeping          |     1 |     1 ||     2
  Eat: Chunk             |     1 |     2 ||     3
Armor: Robe              |    10 |     8 ||    18
Dodge: Dodged            |    38 |    17 ||    55
